 Dungeon Crawl Stone Soup version 0.31.0-9-g3a7656b989 (webtiles) character file.

Game seed: 7435292611371321804

494 Eitelfritz the Chiller (level 6, 0/42 HPs)
             Began as a Demonspawn Ice Elementalist on Feb 3, 2024.
             Slain by Menkaure (13 damage)
             ... on level 6 of the Dungeon.
             The game lasted 00:12:21 (4433 turns).

Eitelfritz the Chiller (DsIE)                       Turns: 4433, Time: 00:12:21

Health: 0/42       AC:  7    Str: 11    XL:     6   Next: 92%
Magic:  12/12      EV: 18    Int: 15    God:
Gold:   121        SH:  0    Dex: 19    Spells: 6/13 levels left

rFire   . .          .
                       - Unarmed
rCold   . . .        (no shield)
rNeg    . . .        l - +1 robe {Will+}
rPois   .            g - +0 helmet
rElec   .            s - +1 cloak
rCorr   .            (gloves unavailable)
SInv    .            c - +0 pair of boots
Will    +....        (no amulet)
Stlth   ++           d - +6 ring of dexterity
HPRegen 0.27/turn    (no ring)
MPRegen 0.13/turn

%: no passive effects
@: agile
A: claws 3, powered by pain 1
a: no special abilities


You were on level 6 of the Dungeon.
You visited 1 branch of the dungeon, and saw 6 of its levels.

You collected 121 gold pieces.

Inventory:

Hand Weapons
 a - a +0 orcbow
 k - a +1 whip of venom
Missiles
 f - 2 poisoned darts
 q - 4 javelins
Armour
 c - a +0 pair of boots (worn)
 g - a +0 helmet (worn)
 l - a +1 robe of willpower (worn)
 s - a +1 cloak (worn)
Jewellery
 d - a +6 ring of dexterity (left claw)
Wands
 r - a wand of charming (8)
Scrolls
 i - a scroll of teleportation
 j - a scroll of identify
 n - a scroll of blinking
 p - a scroll of revelation
Potions
 b - a potion of magic
 e - a potion of haste
 h - a potion of heal wounds
 m - 3 potions of mutation {unknown}
 o - a potion of lignification {unknown}


   Skills:
 + Level 0.8 Fighting
 + Level 0.2 Ranged Weapons
 + Level 2.8 Dodging
 + Level 2.8 Stealth
 + Level 1.8 Unarmed Combat
 + Level 4.2 Spellcasting
 + Level 5.1 Ice Magic


You had 6 spell levels left.
You knew the following spells:

 Your Spells              Type           Power      Damage    Failure   Level
a - Freeze                Ice            72%        1d8       1%          1
b - Frozen Ramparts       Ice            36%        1d6       6%          3
c - Ozocubu's Armour      Ice            18%        N/A       6%          3

Your spell library contained the following spells:

 Spells                   Type           Power      Damage    Failure   Level
 Summon Ice Beast         Ice/Summ       10%        N/A       19%         3
 Scorch                   Fire           6%         2d5       26%         2
 Volatile Blastmotes      Fire/Tloc      6%         2d10      47%         3
 Flame Wave               Conj/Fire      3%         2d5       87%         4
 Fulminant Prism          Conj/Alch      1%         3d5       87%         4
 Iskenderun's Mystic Bla  Conj/Tloc      3%         2d3       87%         4
 Summon Cactus Giant      Summ           1%         N/A       100%        6


Dungeon Overview and Level Annotations

Branches:
Dungeon (6/15)
 Temple: D:4-7

Altars:
Vehumet
Yredelemnul

Shops:
D:5 (

Annotations:
D:6 Menkaure


Innate Abilities, Weirdness & Mutations

You have claws for hands.
You sometimes gain a little power by taking damage.


Message History

You feel agile.
d - a +6 ring of dexterity (left claw)
There is a stone staircase leading up here.
You have 121 gold pieces.
Unknown command.
You see here a +0 club.
There is a stone staircase leading down here.
You climb downwards.
You hear the sound of rushing water.
There is an entrance to a sewer on this level.
Hurry and find it before the portal rusts away!
There is a stone staircase leading up here.
The helpless Menkaure fails to defend himself.
You scratch Menkaure.
Menkaure is lightly damaged.
You scratch Menkaure.
Menkaure is heavily damaged.
Menkaure mumbles some strange words.
Menkaure seems to speed up.
You scratch Menkaure but do no damage.
Menkaure is heavily damaged.
Menkaure calls on the powers of darkness!
Your body is wracked with pain!
You focus on the pain.
You feel agile all of a sudden.
You barely miss Menkaure.
Menkaure is heavily damaged.
Menkaure misses you.
You claw Menkaure!
Menkaure is severely damaged.
Menkaure barely misses you.
You barely miss Menkaure.
Menkaure is severely damaged.
Menkaure casts a spell at you. You resist with some effort.
Menkaure calls on the powers of darkness!
Your body is wracked with pain!
You focus on the pain.
You feel more agile all of a sudden.
You scratch Menkaure.
Menkaure is almost destroyed.
Menkaure hits you!
You die...

#..
#.#
#.#
#.#
#.#
#.#
#M#
#@#
#.#
#.#
#..
###


You could see Menkaure (fast).

Vanquished Creatures
  A centaur (D:5)
  A phantom (D:5)
  A bombardier beetle (D:5)
  A hound (D:5)
  A jelly (D:4)
  Jessica (D:2)
  An iguana (D:4)
  2 orc wizards (D:5)
  3 gnolls (D:3)
  3 adders
  A ribbon worm (D:3)
  A dart slug (D:4)
  4 orcs
  6 ball pythons (D:1)
  9 bats
  2 endoplasms
  4 giant cockroaches
  7 goblins
  11 hobgoblins
  8 jackals
  3 quokkas
  2 frilled lizards (D:1)
  13 kobolds
  4 rats
90 creatures vanquished.

Notes
Turn   | Place    | Note
-------+----------+-------------------------------------------
     0 | D:1      | Eitelfritz the Demonspawn Ice Elementalist began the quest
                  | for the Orb.
     0 | D:1      | Reached XP level 1. HP: 13/13 MP: 3/3
    85 | D:1      | Found a faded altar of an unknown god.
   162 | D:1      | Gained mutation: You have sharp fingernails. [demonic
                  | ancestry]
   162 | D:1      | Reached XP level 2. HP: 14/19 MP: 3/5
   163 | D:1      | Reached skill level 4 in Ice Magic
   554 | D:1      | Gained mutation: You have very sharp fingernails. [demonic
                  | ancestry]
   554 | D:1      | Reached XP level 3. HP: 17/24 MP: 0/6
   960 | D:2      | Learned a level 3 spell: Frozen Ramparts
   964 | D:2      | Learned a level 3 spell: Ozocubu's Armour
   981 | D:2      | Noticed Jessica
  1012 | D:2      | Killed Jessica
  1090 | D:2      | Reached XP level 4. HP: 30/30 MP: 8/8
  2025 | D:3      | Reached skill level 1 in Unarmed Combat
  2451 | D:4      | Gained mutation: You sometimes gain a little power by
                  | taking damage. [demonic ancestry]
  2451 | D:4      | Reached XP level 5. HP: 35/35 MP: 3/9
  2647 | D:4      | Noticed a lemure
  2913 | D:4      | Noticed a lemure
  3149 | D:4      | Noticed a lemure
  3176 | D:5      | Entered Level 5 of the Dungeon
  3176 | D:5      | Found Wikhore's Antique Weapon Shop.
  3187 | D:5      | Noticed a centaur
  3201 | D:5      | Killed a centaur
  3202 | D:5      | Gained mutation: You have claws for hands. [demonic
                  | ancestry]
  3202 | D:5      | Reached XP level 6. HP: 41/42 MP: 4/11
  3401 | D:5      | Reached skill level 5 in Ice Magic
  3446 | D:5      | Found a radiant altar of Vehumet.
  3995 | D:5      | Found a basalt altar of Yredelemnul.
  4426 | D:6      | Noticed Menkaure
  4433 | D:6      | Slain by Menkaure

Illustrated notes

Levels and vault maps discovered:
D:1:      grunt_arrival_lava_bath, layout_basic,
          hellmonk_ecumenical_altar_run_dry, minmay_misc_feat_more_columns
D:2:      layout_basic, uniq_jessica
D:3:      layout_basic
D:4:      layout_basic, serial_glass, glass_columns_c, glass_columns_b,
          item_on_display_a, item_on_display_b,
          serial_library_hellmonk_hallway_a, uniq_pikel
D:5:      lemuel_ice_spiral_2, layout_basic, vehumet_crystals,
          mainiacjoe_overflow_catwalk, serial_shops, nicolae_shop_scrapyard
D:6:      layout_loops_ring, minmay_temple_entry_fiery, portal_sewer_entry_f,
          uniq_menkaure

Skill      XL: |  1  2  3  4  5  6 |
---------------+-------------------+-----
Ice Magic      | 4 5 |  5.1
Dodging        | 2 |  2.8
Stealth        | 2 |  2.8
Spellcasting   | 3 4 |  4.2
Unarmed Combat | 1 |  1.8
Fighting       | |  0.8
Ranged Weapons | |  0.2

Action                     |  1- 3 |  4- 6 || total
---------------------------+-------+-------++-------
  Melee: Unarmed           |    60 |   148 ||   208
   Fire: Orcbow            |       |     4 ||     4
   Cast: Freeze            |    43 |    59 ||   102
         Frozen Ramparts   |       |     3 ||     3
    Use: Scroll            |       |     7 ||     7
   Stab: Sleeping          |     2 |    11 ||    13
 Armour: Robe              |    50 |   109 ||   159
  Dodge: Dodged            |    60 |   117 ||   177
